 Dungeon Crawl Stone Soup version 0.31-a0-237-g2d982f9f85 (webtiles) character file.

Game seed: 2926817749938994143

599 qw the Shooter (level 7, -4/59 HPs)
             Began as a Minotaur Hexslinger on July 11, 2023.
             Slain by an ogre
             ... wielding a +0 giant club
              (31 damage)
             ... on level 5 of the Dungeon.
             The game lasted 00:01:33 (3733 turns).

qw the Shooter (Minotaur Hexslinger)                Turns: 3733, Time: 00:01:34

Health: -4/59      AC:  5    Str: 18    XL:     7   Next: 17%
Magic:  7/7        EV: 11    Int: 10    God:
Gold:   46         SH:  0    Dex: 15    Spells: 7/8 levels left

rFire   . . .        Y - +1 orcbow (freeze)
rCold   . . .        (shield currently unavailable)
rNeg    . . .        b - +0 ring mail
rPois   .            (helmet restricted)
rElec   .            (no cloak)
rCorr   .            (no gloves)
SInv    .            (no boots)
Will    .....        (no amulet)
Stlth   +            e - +6 ring of strength
HPRegen 0.29/turn    (no ring)
MPRegen 0.10/turn

%: no passive effects
@: lethally poisoned (-4 -> -7)
A: horns 2, retaliatory headbutt
a: no special abilities


You were on level 5 of the Dungeon.
You visited 1 branch of the dungeon, and saw 5 of its levels.

You collected 235 gold pieces.
You spent 189 gold pieces at shops.


Innate Abilities, Weirdness & Mutations

You have a pair of horns on your head.
You reflexively headbutt those who attack you in melee.


   Skills:
 - Level 4.0 Fighting
 + Level 7.8 Ranged Weapons
 - Level 1.2 Armour
 - Level 2.1 Dodging
 - Level 1.0 Spellcasting
 - Level 2.0 Hexes


You had 7 spell levels left.
You knew the following spells:

 Your Spells              Type           Power      Damage    Failure   Level
a - Slow                  Hex            16%        N/A       26%         1

Your spell library contained the following spells:

 Spells                   Type           Power      Damage    Failure   Level
 Inner Flame              Hex/Fire       2%         N/A       77%         3
 Portal Projectile        Hex/Tloc       4%         N/A       77%         3
 Cause Fear               Hex            2%         N/A       95%         4

Inventory:

Hand Weapons
 Y - a +1 orcbow of freezing (weapon)
Armour
 b - a +0 ring mail (worn)
Jewellery
 e - a +6 ring of strength (left hand)
 j - a ring of ice
Scrolls
 c - 2 scrolls of identify
 d - a scroll of teleportation
Potions
 a - a potion of enlightenment
 g - a potion of heal wounds

Dungeon Overview and Level Annotations

Branches:
Dungeon (5/15)
 Temple: D:4-7

Altars:
Uskayaw
Vehumet

Shops:
D:1 =   D:4 ?   D:5 (


Message History

Enter note: You shoot an arrow.
The arrow hits the scorpion.
The arrow freezes the scorpion.
The scorpion is lightly wounded.
You hear a shout!
The scorpion closely misses you.
You shoot an arrow. The arrow hits the scorpion.
The arrow freezes the scorpion.
The scorpion is moderately wounded.
The scorpion stings you but does no damage.
You shoot an arrow. The arrow hits the scorpion.
The arrow freezes the scorpion.
The scorpion is severely wounded.
An ogre comes into view. It is wielding a +0 giant club.
The scorpion misses you. The scorpion closely misses you.
You furiously retaliate!
You headbutt the scorpion. You shoot an arrow.
The arrow barely misses the scorpion.
The scorpion stings you.
You are poisoned.
The scorpion poisons you!
The shadow imp hits you but does no damage.
You shoot an arrow.
The arrow hits the scorpion but does no damage.
The scorpion is almost dead.
You feel very sick.
The scorpion stings you but does no damage.
The shadow imp closely misses you. The scorpion completely misses you.
You shoot an arrow. The arrow hits the scorpion!
The arrow freezes the scorpion.
You kill the scorpion!
You feel sick. The shadow imp hits you.
You shoot an arrow. The arrow hits the ogre!
The arrow freezes the ogre.
The ogre is heavily wounded.
You feel sick. The shadow imp hits you. The ogre hits you with a +0 giant club!
The shadow imp puffs mist at you. The shadow imp closely misses you.
You furiously retaliate!
You headbutt the shadow imp!
You kill the shadow imp!
You shoot an arrow. The arrow hits the ogre.
The arrow freezes the ogre.
The ogre is heavily wounded.
You feel sick.
The ogre hits you with a +0 giant club!!
Ouch! That really hurt!
You die...

####...###........ #...#
#.######. ###+## #.# #.
#.###.# ##.######.....#
############.........#####
#.......... #..........#
#.......... #..........#
#.......... #...@......#
........... #.#.O#######
........... # #...
........... +....
........... #.....
........... ....###
........... .#.#.#
........... #. .#
.####+#####


You could see an ogre.

Vanquished Creatures
  4 scorpions (D:5)
  A howler monkey (D:5)
  A jelly (D:5)
  A hound (D:5)
  An iguana (D:4)
  An orc wizard (D:5)
  A sleepcap (D:5)
  Terence (D:2)
  Robin (D:3)
  4 adders
  A shadow imp (D:5)
  An ufetubus (D:4)
  5 dart slugs
  9 orcs
  4 bats
  8 endoplasms
  A giant cockroach (D:3)
  11 goblins
  8 hobgoblins
  2 jackals (D:4)
  5 quokkas
  4 ball pythons
  3 frilled lizards
  8 kobolds
  3 rats
89 creatures vanquished.

Notes
Turn   | Place    | Note
-------+----------+-------------------------------------------
     0 | D:1      | qw the Minotaur Hexslinger began the quest for the Orb.
     0 | D:1      | Reached XP level 1. HP: 16/16 MP: 1/1
     0 | D:1      | 0 ||| qw: Version: 0.3-a-52-g30416fa
     0 | D:1      | 0 ||| qw: Game counter: 5803
     0 | D:1      | 0 ||| qw: Melee chars always use a shield: true
     0 | D:1      | 0 ||| qw: God list: Okawaru
     0 | D:1      | 0 ||| qw: Allow faded altars: false
     0 | D:1      | 0 ||| qw: Do Orc after clearing Dungeon:15 true
     0 | D:1      | 0 ||| qw: Do second Lair branch before Depths: true
     0 | D:1      | 0 ||| qw: Lair rune preference: random
     0 | D:1      | 0 ||| qw: Goals: Normal
     0 | D:1      | 0 ||| PLANNING D:1-11
   146 | D:1      | Found Veiruick's Jewellery Boutique.
   155 | D:1      | 155 ||| SHOPLISTING +4 ring of protection (504 gold, have
                  | 41).
   155 | D:1      | 155 ||| SHOPLISTING +4 ring of slaying (1092 gold, have
                  | 41).
   155 | D:1      | 155 ||| SHOPLISTING +5 ring of evasion (504 gold, have 41).
   155 | D:1      | 155 ||| SHOPLISTING +6 ring of strength (504 gold, have
                  | 41).
   155 | D:1      | 155 ||| SHOPLISTING ring of fire (350 gold, have 41).
   155 | D:1      | 155 ||| SHOPLISTING ring of see invisible (210 gold, have
                  | 41).
   155 | D:1      | 155 ||| SHOPLISTING ring of the Present {Drain rCorr Int+9}
                  | (564 gold, have 41).
   235 | D:1      | Reached skill level 3 in Ranged Weapons
   235 | D:1      | Reached XP level 2. HP: 23/23 MP: 2/2
   607 | D:1      | 607 ||| UPGRADING to +0 leather armour.
   617 | D:1      | 617 ||| DROPPING +0 robe.
   618 | D:1      | 618 ||| READING scroll labelled MUKUOT ALLA.
   619 | D:1      | 619 ||| READING scroll labelled NOPHUALLERO.
   620 | D:1      | 620 ||| READING scroll labelled LIF DEDIEWIKHAXZA.
   621 | D:1      | 621 ||| READING scroll labelled VAYWIWKINN.
   622 | D:1      | 622 ||| DRINKING 2 fuming emerald potions.
   623 | D:1      | 623 ||| DROPPING scroll of poison.
   624 | D:1      | 624 ||| DROPPING potion of degeneration.
   739 | D:2      | Reached XP level 3. HP: 13/29 MP: 3/3
   743 | D:2      | HP: 7/29 [poisoned by an adder]
   901 | D:2      | Found a radiant altar of Vehumet.
  1099 | D:2      | Reached skill level 4 in Ranged Weapons
  1256 | D:2      | Noticed Terence
  1260 | D:2      | Killed Terence
  1261 | D:2      | Reached XP level 4. HP: 36/36 MP: 4/4
  1503 | D:2      | 1503 ||| UPGRADING to +0 ring mail.
  1513 | D:2      | 1513 ||| DROPPING +0 leather armour.
  1514 | D:2      | 1514 ||| READING scroll labelled VOM REGE PAUK.
  1515 | D:2      | 1515 ||| READING scroll labelled GIALOYSSIO.
  1747 | D:3      | 1747 ||| SWAPPING to +0 orcbow.
  1748 | D:3      | 1748 ||| DROPPING +1 sling.
  1762 | D:3      | Reached skill level 1 in Armour
  2049 | D:3      | Noticed Robin
  2054 | D:3      | Reached skill level 5 in Ranged Weapons
  2059 | D:3      | Killed Robin
  2459 | D:3      | 2459 ||| READING scroll labelled PIPEOJYSAHO.
  2462 | D:3      | 2462 ||| READING scroll labelled PINKANK BOXONG.
  2463 | D:3      | 2463 ||| READING scroll labelled HONKON QEORCHIB.
  2464 | D:3      | 2464 ||| DRINKING 2 grey potions.
  2465 | D:3      | 2465 ||| READING 2 scrolls of identify.
  2465 | D:3      | 2465 ||| IDENTIFYING sedimented ruby potion
  2466 | D:3      | 2466 ||| DROPPING potion of attraction.
  2522 | D:4      | Found a hide-covered altar of Uskayaw.
  2526 | D:4      | Noticed a +0 dagger
  2526 | D:4      | Noticed a +0 hand axe
  2617 | D:4      | Reached XP level 5. HP: 44/44 MP: 5/5
  2654 | D:4      | Reached skill level 3 in Fighting
  2701 | D:4      | Found Agis's Magic Scroll Emporium.
  2707 | D:4      | 2707 ||| SHOPLISTING scroll of acquirement (728 gold, have
                  | 195).
  2707 | D:4      | 2707 ||| BUYING scroll of enchant weapon (105 gold).
  2707 | D:4      | Bought a scroll of enchant weapon for 105 gold pieces
  2707 | D:4      | 2707 ||| BUYING scroll of identify (28 gold).
  2707 | D:4      | Bought a scroll of identify for 28 gold pieces
  2707 | D:4      | 2707 ||| BUYING scroll of identify (28 gold).
  2707 | D:4      | Bought a scroll of identify for 28 gold pieces
  2707 | D:4      | 2707 ||| BUYING scroll of identify (28 gold).
  2707 | D:4      | Bought a scroll of identify for 28 gold pieces
  2711 | D:4      | 2711 ||| READING scroll of enchant weapon.
  2711 | D:4      | 2711 ||| ENCHANTING +0 orcbow of electrocution.
  3105 | D:4      | 3105 ||| UPGRADING to +6 ring of strength.
  3106 | D:4      | 3106 ||| READING 5 scrolls of identify.
  3106 | D:4      | 3106 ||| IDENTIFYING fuming white potion
  3107 | D:4      | 3107 ||| READING 4 scrolls of identify.
  3107 | D:4      | 3107 ||| IDENTIFYING lumpy black potion
  3108 | D:4      | 3108 ||| DROPPING potion of lignification.
  3151 | D:5      | Entered Level 5 of the Dungeon
  3167 | D:5      | 3167 ||| READING scroll of brand weapon.
  3167 | D:5      | 3167 ||| BRANDING +1 orcbow of electrocution.
  3183 | D:5      | Reached skill level 6 in Ranged Weapons
  3183 | D:5      | Reached XP level 6. HP: 51/51 MP: 6/6
  3326 | D:5      | 3326 ||| FLEEEEING.
  3327 | D:5      | 3327 ||| FLEEEEING.
  3328 | D:5      | 3328 ||| FLEEEEING.
  3330 | D:5      | 3330 ||| FLEEEEING.
  3331 | D:5      | 3331 ||| FLEEEEING.
  3332 | D:5      | 3332 ||| FLEEEEING.
  3333 | D:5      | 3333 ||| FLEEEEING.
  3334 | D:5      | 3334 ||| STAIRDANCE
  3384 | D:4      | 3384 ||| READING scroll labelled ZUTOAL NAAX.
  3385 | D:4      | 3385 ||| READING scroll labelled RUNLY ENIM.
  3386 | D:4      | 3386 ||| READING scroll labelled YLYHEFE YMUXT.
  3387 | D:4      | 3387 ||| READING 3 scrolls of identify.
  3387 | D:4      | 3387 ||| IDENTIFYING murky black potion
  3388 | D:4      | 3388 ||| DROPPING potion of magic.
  3391 | D:5      | 3391 ||| STAIRDANCE
  3517 | D:5      | Found Rerheaph's Weapon Boutique.
  3526 | D:5      | Reached skill level 7 in Ranged Weapons
  3580 | D:5      | Reached XP level 7. HP: 59/59 MP: 7/7
  3584 | D:5      | 3584 ||| FLEEEEING.
  3585 | D:5      | 3585 ||| FLEEEEING.
  3586 | D:5      | 3586 ||| FLEEEEING.
  3587 | D:5      | 3587 ||| FLEEEEING.
  3588 | D:5      | 3588 ||| FLEEEEING.
  3589 | D:5      | 3589 ||| FLEEEEING.
  3590 | D:5      | 3590 ||| FLEEEEING.
  3591 | D:5      | 3591 ||| FLEEEEING.
  3592 | D:5      | 3592 ||| FLEEEEING.
  3593 | D:5      | 3593 ||| FLEEEEING.
  3594 | D:5      | 3594 ||| FLEEEEING.
  3595 | D:5      | 3595 ||| FLEEEEING.
  3596 | D:5      | 3596 ||| FLEEEEING.
  3597 | D:5      | 3597 ||| FLEEEEING.
  3598 | D:5      | 3598 ||| FLEEEEING.
  3599 | D:5      | 3599 ||| FLEEEEING.
  3600 | D:5      | 3600 ||| FLEEEEING.
  3601 | D:5      | 3601 ||| FLEEEEING.
  3602 | D:5      | 3602 ||| FLEEEEING.
  3603 | D:5      | 3603 ||| FLEEEEING.
  3604 | D:5      | 3604 ||| FLEEEEING.
  3605 | D:5      | 3605 ||| FLEEEEING.
  3606 | D:5      | 3606 ||| FLEEEEING.
  3607 | D:5      | 3607 ||| FLEEEEING.
  3608 | D:5      | 3608 ||| FLEEEEING.
  3609 | D:5      | 3609 ||| FLEEEEING.
  3610 | D:5      | 3610 ||| FLEEEEING.
  3611 | D:5      | 3611 ||| FLEEEEING.
  3612 | D:5      | 3612 ||| FLEEEEING.
  3613 | D:5      | 3613 ||| FLEEEEING.
  3733 | D:5      | Slain by an ogre

Levels and vault maps discovered:
D:1:      minmay_arrival_widening_spiral_wide, layout_basic, serial_shops,
          nicolae_shop_gaudy_bauble, minmay_misc_feat_nine_boxes,
          nicolae_the_louvre
D:2:      layout_basic, basic_altar, uniq_terence
D:3:      layout_basic, uniq_robin
D:4:      layout_loops_ring, dancing_weapons_uskayaw, serial_shops, shop
D:5:      layout_basic, minmay_temple_entry_purple_smoke, serial_shops, shop

Skill      XL: |  1  2  3  4  5  6 |
---------------+-------------------+-----
Ranged Weapons | 3 4 5 6 7 |  7.8
Fighting       | 2 3 4 |  4.0
Armour         | 1 |  1.2
Dodging        | |  2.1
Spellcasting   | |  1.0
Hexes          | |  2.0

Action                     |  1- 3 |  4- 6 |  7- 9 || total
---------------------------+-------+-------+-------++-------
   Fire: Sling             |   108 |    18 |       ||   126
         Orcbow            |       |   161 |    21 ||   182
    Use: Scroll            |     4 |    14 |       ||    18
         Potion            |     1 |     1 |       ||     2
 Armour: Leather armour    |    11 |       |       ||    11
         Ring mail         |       |    51 |     4 ||    55
  Dodge: Dodged            |    28 |    44 |     8 ||    80

Table legend:
 A = Non-vault XP
 B = Vault XP
 C = Vault XP percentage of total XP
 D = Non-vault monster count
 E = Vault monster count
 F = Vault count percentage of total count
                 A         B        C        D         E       F
            +---------+---------+-------+---------+---------+-------
      Total |     793 |      63 |   7.4 |      80 |       9 |  10.1
            +---------+---------+-------+---------+---------+-------
        D:1 |      24 |       0 |   0.0 |      13 |       0 |   0.0
        D:2 |      55 |      36 |  39.6 |      22 |       1 |   4.3
        D:3 |      45 |      27 |  37.5 |      13 |       8 |  38.1
        D:4 |      75 |       0 |   0.0 |      15 |       0 |   0.0
        D:5 |     594 |       0 |   0.0 |      17 |       0 |   0.0
            +---------+---------+-------+---------+---------+-------
